[Event "ICC tourney 3209 (40 10)"]
[Site "Internet Chess Club"]
[Date "2023.06.03"]
[Round "5"]
[White "LU, JOSHUA:qingjoshua"]
[Black "Cao, Frank Zhongtian:FrankCao"]
[Result "1/2-1/2"]
[ICCResult "Game drawn because neither player has mating material"]
[WhiteElo "2095"]
[BlackElo "1694"]
[Opening "English, Kramnik-Shirov counterattack"]
[ECO "A21"]
[NIC "EO.23"]
[Time "20:00:10"]
[PlyCount "106"]
[TimeControl "2400+10"]

1. c4 e5 2. Nc3 Bb4 3. Nd5 Bc5 4. e3 c6 5. d4 cxd5 6. dxc5 Qa5+ 7. Bd2 Qxc5
8. cxd5 Qxd5 9. Qg4 g6 10. Bc4 f5 11. Qxg6+ hxg6 12. Bxd5 Nf6 13. Bb3 Nc6
14. f3 d6 15. Ne2 Ke7 16. O-O Be6 17. Bc2 Rac8 18. Rfc1 Nd5 19. a3 Nf6 20.
b4 a6 21. a4 b5 22. axb5 axb5 23. Bd3 Nd5 24. e4 Ndxb4 25. Bxb5 Bd7 26. Rab1
Rb8 27. Bxb4 Nxb4 28. Rxb4 Rxb5 29. Rxb5 Bxb5 30. Nc3 Bc6 31. Na2 Rc8 32.
Nb4 Bb7 33. Rxc8 Bxc8 34. Kf2 Be6 35. g3 Kf6 36. Ke3 Ke7 37. Nd3 Kf6 38. f4
fxe4 39. fxe5+ dxe5 40. Nf2 Bd5 41. Nxe4+ Bxe4 42. Kxe4 Ke6 43. h3 Kf6 44.
g4 Ke6 45. h4 Kd6 46. Ke3 Ke6 47. Kd3 Kd5 48. Ke3 e4 49. h5 gxh5 50. gxh5
Ke5 51. h6 Kf6 52. h7 Kg7 53. Kxe4 Kxh7
{Game drawn because neither player has mating material}
1/2-1/2

[Event "ICC tourney 3209 (40 10)"]
[Site "Internet Chess Club"]
[Date "2023.06.03"]
[Round "5"]
[White "Aimdilokwong, Alec Daniel:Alec-hine"]
[Black "HEBDEN, MARK L:mhebden"]
[Result "1-0"]
[ICCResult "Black resigns"]
[WhiteElo "1910"]
[BlackElo "2566"]
[Opening "Trompowsky attack (Ruth, Opocenský opening)"]
[ECO "A45"]
[NIC "QP.07"]
[Time "20:00:15"]
[PlyCount "123"]
[TimeControl "2400+10"]

1. d4 Nf6 2. Bg5 d5 3. Bxf6 exf6 4. e3 Bd6 5. g3 c6 6. Bg2 h5 7. h4 Nd7 8.
Ne2 f5 9. Nd2 Nf6 10. c4 dxc4 11. Nxc4 Bc7 12. Qc2 Qe7 13. a3 O-O 14. b4 g6
15. O-O Be6 16. Nb2 Ng4 17. Nd3 Rad8 18. Nef4 a6 19. Rfc1 Bd6 20. Rab1 Kh7
21. a4 g5 22. hxg5 Qxg5 23. b5 h4 24. gxh4 Qxh4 25. bxc6 bxc6 26. Rb6 Rg8
27. Rxc6 Rg7 28. Rxd6 Rxd6 29. Qc7 Rd8 30. Qb7 Rdg8 31. Kf1 Nh2+ 32. Ke1 Qd8
33. Qc7 Qxc7 34. Rxc7 Bb3 35. Nc5 Bc4 36. Nd7 Rxg2 37. Nxg2 Rxg2 38. Rxc4
Ng4 39. d5 Nxf2 40. Rh4+ Kg7 41. Kf1 Rg4 42. Rxg4+ Nxg4 43. Ke2 f6 44. Nc5
a5 45. Nb7 Kf7 46. Nxa5 Ke7 47. Nc4 Kd7 48. a5 Kc7 49. d6+ Kc6 50. a6 Nh6
51. Na5+ Kb6 52. d7 Nf7 53. Nb7 Kxa6 54. d8=Q Nxd8 55. Nxd8 Kb6 56. Kf3 Kc7
57. Ne6+ Kd6 58. Nd4 Ke5 59. Ne2 Kd5 60. Kf4 Kc4 61. Ng3 Kd3 62. Nxf5
{Black resigns}
1-0

[Event "ICC tourney 3209 (40 10)"]
[Site "Internet Chess Club"]
[Date "2023.06.03"]
[Round "5"]
[White "SHERNOFF, LEON:LeonShernoff"]
[Black "KOEHL, EVAN:MacAndSneeze"]
[Result "1/2-1/2"]
[ICCResult "Game drawn by repetition"]
[WhiteElo "1800"]
[BlackElo "2037"]
[Opening "Neo-Grünfeld, 6.O-O c6"]
[ECO "D78"]
[NIC "EO.64"]
[Time "20:00:08"]
[PlyCount "210"]
[TimeControl "2400+10"]

1. c4 Nf6 2. g3 g6 3. Bg2 c6 4. Nf3 Bg7 5. O-O O-O 6. d4 d5 7. Nc3 Ne4 8.
cxd5 Nxc3 9. bxc3 cxd5 10. Qb3 Nc6 11. Nd2 e6 12. e4 dxe4 13. Nxe4 Na5 14.
Qc2 b6 15. Ba3 Bb7 16. Bxf8 Kxf8 17. Rad1 Rc8 18. Qc1 Nc4 19. Rfe1 Qd5 20.
Bf3 Qa5 21. Qf4 Qf5 22. Qxf5 gxf5 23. Ng5 Bxf3 24. Nxf3 Nb2 25. Rb1 Rxc3 26.
Rxb2 Rxf3 27. Rd1 Ra3 28. Rc2 Bf6 29. d5 exd5 30. Rxd5 f4 31. Rf5 Kg7 32.
Rxf4 h5 33. h4 b5 34. Rf5 b4 35. Rxh5 a5 36. Rb5 Be7 37. Rb7 Bd6 38. Kg2 Rd3
39. Ra7 Ra3 40. Rb7 Rd3 41. Rb5 a4 42. Kh3 Rd1 43. Kg2 Rd3 44. Kf1 Be7 45.
Ke2 Rd6 46. Ra5 b3 47. axb3 axb3 48. Rb2 Rb6 49. Rd5 Bf6 50. Rb1 b2 51. Rd2
Rb3 52. Rc2 Bd4 53. Rd2 Bf6 54. Rd3 Rb7 55. Kd2 Rb8 56. Kc2 Rc8+ 57. Kd2 Rb8
58. Kc2 Rc8+ 59. Kd2 Rb8 60. f4 Rb4 61. Kc2 Re4 62. Kd2 Rb4 63. Kc2 Re4 64.
Kd2 Rb4 65. Ke3 Rc4 66. h5 Rc1 67. Rd1 Rc3+ 68. Rd3 Rc1 69. Rd1 Rc3+ 70. Kf2
Rc2+ 71. Kf3 Rc3+ 72. Kg4 Rb3 73. Rd6 Be7 74. Ra6 Bc5 75. Rc6 Bf2 76. Rc2
Rxg3+ 77. Kf5 Bd4 78. Rbxb2 Bxb2 79. Rxb2 Rh3 80. Kg4 Rh1 81. Rg2 Kh6 82.
Ra2 Rg1+ 83. Kh4 Rf1 84. Kg4 Rg1+ 85. Kh4 Rf1 86. Ra6+ Kg7 87. Kg5 Rg1+ 88.
Kf5 Rf1 89. Ra4 Rf2 90. h6+ Kxh6 91. Kf6 Rb2 92. Re4 Rb7 93. Re5 Rb4 94. f5
Rb7 95. Re1 Kh7 96. Rg1 Ra7 97. Rg7+ Kh8 98. Rxf7 Ra6+ 99. Ke5 Kg8 100. Rb7
Kf8 101. f6 Ra1 102. Rb8+ Kf7 103. Rb7+ Kf8 104. Rb8+ Kf7 105. Rb7+ Kf8
{Game drawn by repetition}
1/2-1/2